 Dungeon Crawl Stone Soup version 0.27.1-2-g3b301248ec (webtiles) character file.

Game seed: 17381555623205332931

47 Lavandula the Cutter (level 3, 0/24 HPs)
             Began as a Demonspawn Enchanter on Sept 23, 2021.
             Slain by Jessica (5 damage)
             ... on level 2 of the Dungeon.
             The game lasted 00:05:35 (2266 turns).

Lavandula the Cutter (Demonspawn Enchanter)         Turns: 2266, Time: 00:05:35

Health: 0/24       AC:  2    Str:  8    XL:     3   Next: 48%
Magic:  5/6        EV: 11    Int: 17    God:
Gold:   54         SH:  3    Dex: 13    Spells: 3/6 levels left

rFire    . . .     SeeInvis .   c - +3 dagger
rCold    . . .     Faith    .   e - +0 buckler
rNeg     . . .     Spirit   .   b - +0 robe
rPois    .         Reflect  .   (helmet restricted)
rElec    .         Harm     .   (no cloak)
rCorr    .         Rampage  .   (no gloves)
Will     .....                  (no boots)
Stlth    ++........             (no amulet)
HPRegen  0.08/turn              (no ring)
MPRegen  0.10/turn              (no ring)

@: no status effects
A: antennae 1, talons 1
a: no special abilities


You were on level 2 of the Dungeon.
You visited 1 branch of the dungeon, and saw 2 of its levels.

You collected 54 gold pieces.

Inventory:

Hand Weapons
 c - a +3 dagger (weapon)
Armour
 b - a +0 robe (worn)
 e - a +0 buckler (worn)
Scrolls
 d - 3 scrolls of identify {unknown}
Potions
 a - a potion of berserk rage {unknown}


   Skills:
 + Level 3.1 Short Blades
 - Level 1.7 Dodging
 - Level 2.6 Stealth
 - Level 2.0 Spellcasting
 - Level 3.0 Hexes


You had 3 spell levels left.
You knew the following spells:

 Your Spells              Type           Power      Damage    Failure   Level
a - Corona                Hex            13%        N/A       10%         1
b - Ensorcelled Hibernat  Hex/Ice        12%        N/A       26%         2

Your spell library contained the following spells:

 Spells                   Type           Power      Damage    Failure   Level
 Confusing Touch          Hex            12%        N/A       28%         3
 Tukima's Dance           Hex            12%        N/A       28%         3
 Dazzling Flash           Conj/Hex       12%        N/A       45%         3


Dungeon Overview and Level Annotations

Branches:
Dungeon (2/15)

Altars:

Shops:
D:1 [

Annotations:
D:2 Jessica


Innate Abilities, Weirdness & Mutations

You have a pair of small antennae on your head.
You have sharp toenails.


Message History

Jessica shouts!
Jessica barely misses you.
You hit Jessica.
Jessica is moderately wounded.
Jessica casts a spell at you. You resist with some effort.
Casting: Ensorcelled Hibernation (quite dangerous; 26% risk of failure)
Confirm with . or Enter, or press ? or * to list all spells.
The spell is quite dangerous to cast (26% risk of failure)!
Continue anyway?
Okay, then.
Casting: Ensorcelled Hibernation (quite dangerous; 26% risk of failure)
Confirm with . or Enter, or press ? or * to list all spells.
Aiming: Corona (safe; 10% risk of failure)
Press: ? - help, Shift-Dir - straight line, f - Jessica
Aim: Jessica, wielding a +0 dagger and wearing a +0 robe (moderately wounded, chance to affect: 57%) Jessica is outlined in light.
Jessica misses you.
You hit Jessica.
Jessica is heavily wounded.
Jessica hits you with a +0 dagger.
You hit Jessica.
Jessica is almost dead.
You block Jessica's attack.
You hit Jessica. Your kick misses Jessica.
Jessica is almost dead.
Jessica mumbles some strange words.
Jessica seems to speed up.
You hit Jessica but do no damage. Your kick misses Jessica.
Jessica is almost dead.
Jessica hits you with a +0 dagger.
You barely miss Jessica. You claw Jessica, but do no damage.
Jessica is almost dead.
Jessica stops glowing.
Jessica mumbles some strange words.
Jessica blinks!
Jessica gestures at you while chanting. Pain shoots through your body!
Ouch! That really hurt!
* * * LOW HITPOINT WARNING * * *
Jessica hits you with a +0 dagger.
You die...

.. #....# #.#.#########
#.#....########.#..........
#...............##########.
#.....########### #.....#.
#...#..# #.###... #.#.##.#
#.# #### #
#..#.#############.#
#.#.##@.....#.....#
#....#.@§...#.#####
##.#.#......#†.<#
#...#......#####
##.........# #.........#
##........# #........#
#........# ##.......#


You could see Jessica (fast).

Vanquished Creatures
  2 worms (D:2)
  3 dart slugs (D:1)
  4 ball pythons (D:1)
  3 endoplasms (D:1)
  3 goblins (D:1)
  4 hobgoblins
  4 jackals (D:1)
  A quokka (D:1)
  2 bats (D:1)
  3 frilled lizards (D:1)
  3 kobolds (D:1)
  A rat (D:1)
33 creatures vanquished.

Notes
Turn   | Place    | Note
-------+----------+-------------------------------------------
     0 | D:1      | Lavandula the Demonspawn Enchanter began the quest for the
                  | Orb.
     0 | D:1      | Reached XP level 1. HP: 13/13 MP: 3/3
    51 | D:1      | Reached skill level 1 in Short Blades
   650 | D:1      | Gained mutation: You have sharp toenails. [demonic
                  | ancestry]
   650 | D:1      | Reached XP level 2. HP: 19/19 MP: 5/5
   953 | D:1      | Learned a level 2 spell: Ensorcelled Hibernation
  1413 | D:1      | Gained mutation: You have a pair of small antennae on your
                  | head. [demonic ancestry]
  1413 | D:1      | Reached XP level 3. HP: 24/24 MP: 6/6
  1536 | D:1      | Found Riaj Vousun's Armour Boutique.
  2222 | D:2      | Noticed Jessica
  2266 | D:2      | Slain by Jessica

Illustrated notes

Levels and vault maps discovered:
D:1:      amcnicky_arrival_underground_garden, layout_basic, serial_shops, shop
D:2:      layout_basic, uniq_crazy_yiuf_cottage, uniq_sigmund, uniq_jessica

Skill      XL: |  1  2  3 |
---------------+----------+-----
Short Blades   | 1 2 3 |  3.1
Dodging        | |  1.7
Stealth        | |  2.6
Spellcasting   | |  2.0
Hexes          | |  3.0

Action                   || total
-------------------------++-------
Melee: Dagger            ||   132
       Kick              ||    19
 Cast: Corona            ||     2
       Ensorcelled Hiber ||     7
  Use: Scroll            ||     1
 Stab: Sleeping          ||    10
Armor: Robe              ||    21
Dodge: Dodged            ||    69
Block: Buckler           ||     3
